 Dungeon Crawl Stone Soup version 0.28.0-53-g5a82cb258f (webtiles) character file.

Game seed: 8758603374296419266

94 Woods the Skirmisher (level 4, 0/30 HPs)
             Began as a Gargoyle Fighter on July 29, 2022.
             Slain by Crazy Yiuf
             ... wielding a +2 quarterstaff of chaos
              (8 damage)
             ... on level 2 of the Dungeon.
             The game lasted 00:03:36 (3601 turns).

Woods the Skirmisher (Gargoyle Fighter)             Turns: 3601, Time: 00:03:36

Health: 0/30       AC: 12    Str: 19    XL:     4   Next: 63%
Magic:  4/4        EV:  7    Int:  9    God:
Gold:   32         SH:  4    Dex: 11    Spells: 3/3 levels left

rFire   . . .      SeeInvis .   a - +0 flail
rCold   . . .      Faith    .   c - +0 buckler
rNeg    + . .      Spirit   .   o - +0 chain mail
rPois   ∞          Reflect  .   (no helmet)
rElec   +          Harm     .   (no cloak)
rCorr   .          Rampage  .   (no gloves)
Will    .....                   (no boots)
Stlth   ..........              (no amulet)
HPRegen 0.10/turn               (no ring)
MPRegen 0.09/turn               (no ring)

@: no status effects
A: sickness immunity, AC +3, negative energy resistance 1, electricity
resistance, torment resistance 1, petrification resistance
a: no special abilities


You were on level 2 of the Dungeon.
You visited 1 branch of the dungeon, and saw 2 of its levels.

You collected 32 gold pieces.

Inventory:

Hand Weapons
 a - a +0 flail (weapon)
Armour
 b - a +0 scale mail
 c - a +0 buckler (worn)
 o - a +0 chain mail (worn)
Jewellery
 j - an amulet of faith
Scrolls
 e - a scroll of teleportation {unknown}
 f - a scroll of enchant weapon {unknown}
 i - 2 scrolls of immolation {unknown}
 k - 3 scrolls of fear {unknown}
 l - a scroll of silence {unknown}
 m - a scroll of identify {unknown}
 n - a scroll of vulnerability {unknown}
 q - a scroll of summoning {unknown}
 r - a scroll of noise {unknown}
 s - a scroll of fog {unknown}
 t - a scroll of amnesia {unknown}
Potions
 d - a potion of might
 g - a potion of brilliance {unknown}
 h - a potion of lignification {unknown}
 p - a potion of flight {unknown}


   Skills:
 + Level 4.5 Fighting
 + Level 3.3 Maces & Flails
 - Level 3.5 Armour
 - Level 3.5 Shields


You had 3 spell levels left.
You didn't know any spells.
Your spell library was empty.

Dungeon Overview and Level Annotations

Branches:
Dungeon (2/15)

Altars:

Annotations:
D:2 Crazy Yiuf


Innate Abilities, Weirdness & Mutations

You are immune to sickness and miasma.
Your stone body is resilient. (AC +3)
You are immune to poison.
You resist negative energy. (rN+)
You are resistant to electric shocks. (rElec)
You are resistant to unholy torment.
You are immune to petrification.


Message History

You closely miss the orc.
The orc is almost dead.
The orc hits you but does no damage.
You barely miss the orc.
The orc is almost dead.
The orc hits you with a +0 mace. The orc barely misses you.
You sock the orc!
You kill the orc!
The orc hits you but does no damage.
You closely miss the orc. The orc hits you but does no damage.
You sock the orc!
You kill the orc!
No target in view!
Things that are here:
a +0 flail; an orc corpse You start resting.
HP restored.
Crazy Yiuf shouts!
As you open the door, it creaks loudly!
You closely miss Crazy Yiuf. Crazy Yiuf hits you but does no damage.
Space warps around you.
You hit Crazy Yiuf.
Crazy Yiuf is lightly wounded.
Crazy Yiuf barely misses you. Crazy Yiuf closely misses you.
You thump Crazy Yiuf!
Crazy Yiuf is heavily wounded.
Crazy Yiuf hits you with a +2 quarterstaff of chaos!
Crazy Yiuf freezes you.
You closely miss Crazy Yiuf.
Crazy Yiuf is heavily wounded.
Crazy Yiuf hits you with a +2 quarterstaff of chaos.
* * * LOW HITPOINT WARNING * * *
You resist with some effort.
You hit Crazy Yiuf.
Crazy Yiuf is severely wounded.
Crazy Yiuf barely misses you. You block Crazy Yiuf's attack.
You barely miss Crazy Yiuf.
Crazy Yiuf is severely wounded.
Crazy Yiuf hits you with a +2 quarterstaff of chaos!
You die...

#...####....######.######.
#...# #....# #....######.
#...# ♣....♣ ###.........
##### ♣♣...♣ ##.###....
♣♣.♣♣ #.# #.... ♣♣.♣
####.###.... ♣.♣♣
#.....###### ♣♣.♣ ####..#
♣@♣♣ #..# #g# #### ...
#...# #)..# #####


You could see Crazy Yiuf.

Vanquished Creatures
  An orc wizard (D:1)
  Robin (D:2)
  An adder (D:2)
  3 orcs (D:2)
  A ball python (D:1)
  2 bats
  An endoplasm (D:1)
  A giant cockroach (D:1)
  2 hobgoblins (D:2)
  6 jackals
  4 kobolds
  A quokka (D:1)
  A frilled lizard (D:1)
  14 goblins
  A rat (D:1)
40 creatures vanquished.

Vanquished Creatures (others)
  10 plants (D:2)
10 creatures vanquished.

Grand Total: 50 creatures vanquished

Notes
Turn   | Place    | Note
-------+----------+-------------------------------------------
     0 | D:1      | Woods the Gargoyle Fighter began the quest for the Orb.
     0 | D:1      | Reached XP level 1. HP: 14/14 MP: 1/1
   214 | D:1      | Reached XP level 2. HP: 15/19 MP: 2/2
  1427 | D:2      | Reached XP level 3. HP: 24/24 MP: 3/3
  1586 | D:2      | Noticed Robin
  1862 | D:1      | Reached skill level 4 in Fighting
  2280 | D:2      | Killed Robin
  2281 | D:2      | Reached XP level 4. HP: 22/29 MP: 4/4
  2528 | D:2      | Found a faded altar of an unknown god.
  2630 | D:2      | Found a runed translucent door.
  2631 | D:2      | Noticed Crazy Yiuf
  2733 | D:2      | Identified the +1 robe of Midsummer {-Tele Harm rF+ Int+2}
  3601 | D:2      | Slain by Crazy Yiuf

Illustrated notes

Levels and vault maps discovered:
D:1:      dpeg_arrival_shrine, layout_loops_corners
D:2:      layout_rooms, serial_bayou, serial_bayou_pond_a, serial_bayou_pond_a,
          serial_bayou_crossing, serial_bayou_ford_a,
          nicolae_ecumenical_lake_church, minmay_splitting_lines,
          uniq_crazy_yiuf_cottage, uniq_robin

Skill      XL: |  1  2  3 |
---------------+----------+-----
Fighting       | 4 |  4.5
Maces & Flails | 3 |  3.3
Armour         | |  3.5
Shields        | |  3.5

Action                   |  1- 3 |  4- 6 || total
-------------------------+-------+-------++-------
Melee: Flail             |   106 |    62 ||   168
Armor: Scale mail        |    12 |       ||    12
       Chain mail        |    63 |    59 ||   122
Dodge: Dodged            |    57 |    24 ||    81
Block: Buckler           |    27 |     5 ||    32
